 Dungeon Crawl Stone Soup version 0.20-a0-641-g673355a (webtiles) character file.

6136 krabocopter the Basher (level 10, -2/63 HPs)
             Began as a Gargoyle Fighter on Feb 13, 2017.
             Was a Priest of Qazlal.
             Slain by a gnoll
             ... wielding a +0 halberd
              (11 damage)
             ... on level 8 of the Dungeon.
             The game lasted 00:25:04 (9037 turns).

krabocopter the Basher (Gargoyle Fighter)           Turns: 9037, Time: 00:25:05

Health: -2/63      AC:  6    Str: 26    XL:     10   Next: 89%
Magic:  19/19      EV:  9    Int:  8    God:    Qazlal [***...]
Gold:   655        SH: 24    Dex: 12    Spells: 9/9 levels left

rFire    . . .     SeeInvis .   a - +0 flail
rCold    + . .     Gourm    .   G - +2 leather armour {rC+}
rNeg     + . .     Faith    .   c - +0 shield
rPois    ∞         Spirit   .   (no helmet)
rElec    +         Reflect  +   E - +0 cloak
rCorr    .         Harm     .   (no gloves)
MR       .....                  (no boots)
Stlth    +.........             y - brooch of Shielding {Reflect SH+8}
Regen    0.2/turn               (no ring)
MPRegen  0.2/turn               r - ring of magical power

@: mighty, corroded
A: negative energy resistance 1, electricity resistance, unbreathing,
petrification resistance, rot immunity, AC +7
a: Upheaval, Elemental Force, Renounce Religion


You were on level 8 of the Dungeon.
You worshipped Qazlal.
Qazlal was most pleased with you.
You were very hungry.

You visited 3 branches of the dungeon, and saw 12 of its levels.

You collected 655 gold pieces.

Inventory:

Hand Weapons
 a - a +0 flail (weapon)
Armour
 c - a +0 shield (worn)
 D - a +2 large shield
 E - a +0 cloak (worn)
 G - a +2 leather armour of cold resistance (worn)
Magical Staves
 C - an uncursed staff of wizardry
Jewellery
 b - an uncursed ring of ice
 e - an uncursed amulet of the gourmand
 r - a ring of magical power (left hand)
 y - the brooch of Shielding (around neck) {Reflect SH+8}
   (You found it on level 5 of the Dungeon)

   [amulet of reflection]

   It shields you and reflects attacks.
   It affects your SH (+8).
 F - an uncursed amulet of guardian spirit
 H - a +5 ring of intelligence {unknown}
Scrolls
 h - 7 scrolls of identify {unknown}
 i - a scroll of noise {unknown}
 j - 2 scrolls of teleportation {unknown}
 l - 6 scrolls of remove curse
 n - 3 scrolls of enchant weapon {unknown}
 t - 3 scrolls of random uselessness {unknown}
 u - a scroll of immolation {unknown}
 w - 3 scrolls of magic mapping {unknown}
 B - 2 scrolls of fog {unknown}
 I - a scroll of enchant armour {unknown}
Potions
 m - a potion of flight {unknown}
 o - 2 potions of resistance
 p - 3 potions of berserk rage
 q - a potion of haste {unknown}
 s - 2 potions of brilliance {unknown}
 v - 4 potions of heal wounds
 x - a potion of mutation {unknown}
 z - 2 potions of curing {unknown}
 A - a potion of cancellation {unknown}
 K - 2 potions of agility
Comestibles
 f - 8 bread rations
 g - 2 royal jellies
 k - 7 meat rations
 J - a fruit


   Skills:
 - Level 7.2 Fighting
 * Level 11.9 Maces & Flails
 + Level 7.6 Armour
 + Level 7.9 Shields


You had 9 spell levels left.
You didn't know any spells.

Dungeon Overview and Level Annotations

Branches:
Dungeon (10/15)            Temple (1/1) D:5            Lair (1/6) D:8
    Orc: D:9-12

Altars:
Ashenzari
Cheibriados
Dithmenos
Elyvilon
Fedhas
Gozag
Hepliaklqana
Kikubaaqudgha
Makhleb
Nemelex Xobeh
Okawaru
Qazlal
Ru
Sif Muna
Trog
Uskayaw
Vehumet
Xom
Yredelemnul
Zin
The Shining One


Innate Abilities, Weirdness & Mutations

You are resistant to torment.
Your stone body is resilient. (AC +7)
You are immune to poison.
You resist negative energy. (rN+)
You are resistant to electric shocks. (rElec)
You can survive without breathing.
You are immune to petrification.
You are immune to rotting.


Message History

Qazlal accepts your kill.
The orc throws a stone.
You reflect the stone off an invisible shield around you!
The stone hits the orc but does no damage.
You block the gnoll's attack.
The orc zaps a wand.
The bolt of lightning hits the orc.
The orc dies!
The bolt of lightning misses you. The bolt of lightning hits you! You resist.
It is a wand of lightning (?/15).
Items here: ! $ )) ? [[ † You take 8 damage, and have 42/63 hp.
You block the gnoll's attack. You block the orc's attack.
Items here: ! $ ( ) ? [ You completely miss the orc.
The gnoll zaps a wand.
The bolt of acid hits you!
You are splashed with acid!
The acid burns!
* * * LOW HITPOINT WARNING * * *
You block the orc's attack.
You take 34 damage, and have 9/63 hp.
MASSIVE DAMAGE!!
You completely miss the orc. The gnoll hits you with a halberd!
You die...

# #########........##
####.....≈........<...
.....#######...#.##
...##### #...#.#####
##.##..# #..÷.......
#.##..######.........
##.#..........##.#####
..(.###.#####>##g###
..(.# #.# #..o@).#
###.###.# #.####>#
##.><## #.# ### #####
#5# ####g# #..o.#
#†#### #.# #)#


You could see a gnoll and an orc.

Vanquished Creatures
  A troll (D:10)
  2 hornets
  A hippogriff (D:6)
  Menkaure (D:6)
  A water moccasin (D:8)
  A necrophage (D:8)
  A phantom (D:4)
  3 sky beasts
  2 orc warriors
  6 ogres
  A black bear (D:9)
  A centaur (D:8)
  A crocodile (Lair:1)
  11 big kobolds
  8 bullfrogs
  A gnoll sergeant (D:6)
  4 scorpions
  6 killer bees (D:7)
  4 howler monkeys
  4 electric eels (D:6)
  4 crimson imps
  3 quasits
  A bullfrog zombie (D:5)
  5 hounds
  3 jellies
  A gnoll shaman (D:8)
  4 orc priests
  7 orc wizards
  2 bullfrog skeletons
  4 iguanas
  5 worker ants
  12 gnolls
  6 adders
  A shadow imp (D:5)
  An adder skeleton (D:9)
  An adder zombie (D:7)
  A worm (D:4)
  2 dart slugs (D:1)
  3 leopard geckos
  30 orcs
  4 ball pythons
  7 bats
  4 giant cockroaches
  14 goblins
  13 hobgoblins
  10 jackals
  51 kobolds
  A quokka (D:9)
  5 frilled lizards
  A giant cockroach zombie (D:5)
  A quokka skeleton (D:5)
  3 rats
270 creatures vanquished.

Vanquished Creatures (others)
  2 centaurs (D:5)
  An adder (D:6)
  A gnoll (D:6)
  2 orcs
  3 kobolds
9 creatures vanquished.

Grand Total: 279 creatures vanquished

Notes
Turn   | Place    | Note
-------+----------+-------------------------------------------
     0 | D:1      | krabocopter the Gargoyle Fighter began the quest for the Orb.
     0 | D:1      | Reached XP level 1. HP: 14/14 MP: 1/1
   134 | D:1      | Reached XP level 2. HP: 18/19 MP: 2/2
   525 | D:1      | Reached XP level 3. HP: 22/24 MP: 3/3
   591 | D:1      | Reached skill level 3 in Maces & Flails
  1300 | D:2      | Reached XP level 4. HP: 26/29 MP: 4/4
  1785 | D:3      | Noticed an ogre
  1801 | D:3      | Killed an ogre
  1801 | D:3      | Reached skill level 4 in Maces & Flails
  1801 | D:3      | Reached XP level 5. HP: 34/34 MP: 5/5
  1853 | D:3      | Found a white marble altar of Elyvilon.
  1900 | D:3      | Found a shattered altar of Ashenzari.
  1902 | D:3      | Found a glowing golden altar of the Shining One.
  1903 | D:3      | Found a shadowy altar of Dithmenos.
  1942 | D:3      | Found an opulent altar of Gozag.
  1956 | D:3      | Found a sparkling altar of Nemelex Xobeh.
  1985 | D:3      | Found a glowing silver altar of Zin.
  2006 | D:3      | Noticed a sky beast
  2033 | D:3      | Killed a sky beast
  2033 | D:3      | Reached skill level 5 in Fighting
  2033 | D:3      | Reached skill level 5 in Maces & Flails
  2033 | D:3      | Reached XP level 6. HP: 32/40 MP: 6/6
  2838 | D:4      | HP: 2/40 [ogre/giant club (7)]
  2839 | D:4      | Reached skill level 6 in Maces & Flails
  2839 | D:4      | Reached XP level 7. HP: 3/45 MP: 7/7
  3745 | D:4      | Reached skill level 7 in Maces & Flails
  3989 | D:4      | Found a blossoming altar of Fedhas.
  4126 | D:4      | Reached XP level 8. HP: 33/52 MP: 8/8
  4408 | D:5      | Entered Level 5 of the Dungeon
  4561 | D:5      | Reached skill level 8 in Maces & Flails
  4752 | D:5      | Found a staircase to the Ecumenical Temple.
  4761 | Temple   | Entered the Ecumenical Temple
  4961 | Temple   | Became a worshipper of Qazlal Stormbringer
  5718 | D:6      | Noticed Menkaure
  5724 | D:6      | Killed Menkaure
  5724 | D:6      | Reached skill level 9 in Maces & Flails
  5724 | D:6      | Reached XP level 9. HP: 57/57 MP: 9/9
  5998 | D:6      | Reached * piety under Qazlal
  6068 | D:6      | Reached skill level 5 in Shields
  6080 | D:6      | Reached skill level 5 in Armour
  6217 | D:6      | Reached skill level 10 in Maces & Flails
  6276 | D:6      | Reached ** piety under Qazlal
  6478 | D:6      | Found a burning altar of Makhleb.
  6537 | D:6      | Found a shimmering altar of Xom.
  6698 | D:6      | HP: 4/85 [electric eel/bolt of electricity (1)]
  7318 | D:7      | Reached XP level 10. HP: 58/63 MP: 6/10
  7545 | D:7      | Reached skill level 11 in Maces & Flails
  7573 | D:7      | Reached *** piety under Qazlal
  8217 | D:7      | You fall through a shaft for 3 floors!
  8217 | D:10     | Entered Level 10 of the Dungeon
  8484 | D:8      | Found a staircase to the Lair.
  8834 | D:9      | Found a deep blue altar of Sif Muna.
  8855 | D:9      | Noticed a two-headed ogre
  8873 | Lair:1   | Entered Level 1 of the Lair of Beasts
  9037 | D:8      | Slain by a gnoll

Vault maps used:
D:1:      eino_arrival_cavern_e
D:3:      nemelex_xobeh_ov_fountains_minmay, zin_statuary,
          nicolae_overflow_quartered_altars, elyvilon_altar_4
D:4:      corexii_shantytown, old_standard_altar, first_bread, st_stairs_14
D:5:      lemuel_temple_firewalk_b
D:6:      minmay_goblin_kobold_castle, kennysheep_mini_moat,
          makhleb_heckhound_becter, uniq_menkaure
D:8:      minmay_bloctagon, lair_entry_dummy
D:9:      kennysheep_mini
D:10:     grunt_tengu_nest
Temple:   minmay_temple_curvy_loop
Lair:1:   serial_bayou_lake_a, uniq_erica

Skill      XL: |  1  2  3  4  5  6  7  8  9 10 |
---------------+-------------------------------+-----
Maces & Flails | 3 4 5 6 7 9 10 11 | 11.9
Fighting       | 4 5 6 7 |  7.2
Armour         | 4 6 7 |  7.6
Shields        | 4 6 7 |  7.9

Action                   |  1- 3 |  4- 6 |  7- 9 | 10-12 || total
-------------------------+-------+-------+-------+-------++-------
Melee: Flail             |   166 |   107 |   650 |   439 ||  1362
  Use: Potion            |       |       |     3 |     6 ||     9
       Scroll            |       |       |     1 |     1 ||     2
  Eat: Chunk             |    16 |     3 |     7 |     5 ||    31
       Royal jelly       |       |       |       |     1 ||     1
Armor: Scale mail        |   139 |    46 |   253 |       ||   438
       Leather armour    |       |       |     1 |    99 ||   100
Dodge: Dodged            |    75 |    35 |   125 |    70 ||   305
Block: Shield            |   111 |    38 |   612 |   497 ||  1258
       Reflection        |       |       |    36 |    12 ||    48
